 Dungeon Crawl Stone Soup version 0.30-a0-4-ga7cffc901d (webtiles) character file.

Game seed: 3495864146342215757

56 Setbun the Sneak (level 4, 0/25 HPs)
             Began as a Kobold Enchanter on Aug 20, 2022.
             Slain by an adder (3 damage)
             ... on level 2 of the Dungeon.
             The game lasted 00:01:24 (1681 turns).

Setbun the Sneak (Kobold Enchanter)                 Turns: 1681, Time: 00:01:25

Health: 0/25       AC:  2    Str:  5    XL:     4   Next: 15%
Magic:  7/7        EV: 15    Int: 16    God:
Gold:   70         SH:  0    Dex: 17    Spells: 5/7 levels left

rFire   . . .      SeeInvis .    a - +1 dagger
rCold   . . .      Faith    .    (no shield)
rNeg    . . .      Spirit   .    b - +0 robe
rPois   .          Reflect  .    (no helmet)
rElec   .          Harm     .    (no cloak)
rCorr   .          Rampage  .    (no gloves)
Will    .....                    (no boots)
Stlth   ++++......               (no amulet)
HPRegen 0.08/turn                (no ring)
MPRegen 0.10/turn                (no ring)

@: no status effects
A: small, no large weapons, nightstalker 3
a: no special abilities


You were on level 2 of the Dungeon.
You visited 1 branch of the dungeon, and saw 2 of its levels.

You collected 70 gold pieces.

Inventory:

Hand Weapons
 a - a +1 dagger (weapon)
Armour
 b - a +0 robe (worn)
Magical Staves
 e - a staff of cold
Scrolls
 f - a scroll of immolation {unknown}
 g - a scroll of teleportation {unknown}
 h - a scroll of amnesia {unknown}
 i - 2 scrolls of fear {unknown}
 j - a scroll of summoning {unknown}
Potions
 c - 2 potions of invisibility
 d - a potion of brilliance {unknown}
 k - a potion of berserk rage {unknown}


   Skills:
 + Level 1.0 Fighting
 * Level 3.0 Short Blades
 + Level 2.8 Dodging
 + Level 4.4 Stealth
 + Level 2.4 Spellcasting
 + Level 3.3 Hexes


You had 5 spell levels left.
You knew the following spells:

 Your Spells              Type           Power      Damage    Failure   Level
a - Ensorcelled Hibernat  Hex/Ice        14%        N/A       16%         2

Your spell library contained the following spells:

 Spells                   Type           Power      Damage    Failure   Level
 Confusing Touch          Hex            12%        N/A       16%         3
 Tukima's Dance           Hex            12%        N/A       16%         3
 Dazzling Flash           Conj/Hex       14%        N/A       30%         3


Dungeon Overview and Level Annotations

Branches:
Dungeon (2/15)

Altars:


Innate Abilities, Weirdness & Mutations

You are small and have problems with some larger weapons.
You are completely attuned to the shadows.


Message History

The giant cockroach closely misses you.
You hit the giant cockroach.
You kill the giant cockroach!
You see here a giant cockroach corpse.
You start resting.
An adder is nearby!
You aren't carrying any pieces of jewellery.
You are too injured to fight recklessly!
Casting: Ensorcelled Hibernation (safe; 16% risk of failure)
Confirm with . or Enter, or press ? or * to list all spells.
You don't know that spell.
The adder hisses angrily.
You hit the adder.
The adder is moderately wounded.
The adder completely misses you.
You closely miss the adder.
The adder is moderately wounded.
The adder completely misses you.
You hit the adder but do no damage.
The adder is moderately wounded.
The adder bites you.
* * * LOW HITPOINT WARNING * * *
You barely miss the adder.
The adder is moderately wounded.
The adder closely misses you.
Casting: Ensorcelled Hibernation (safe; 16% risk of failure)
Confirm with . or Enter, or press ? or * to list all spells.
You don't know that spell.
Unknown command.
You barely miss the adder.
The adder is moderately wounded.
The adder bites you.
* * * LOW HITPOINT WARNING * * *
You hit the adder.
The adder is heavily wounded.
The adder closely misses you.
You hit the adder but do no damage.
The adder is heavily wounded.
The adder closely misses you. The adder bites you.
You die...

#.......... # #.#(#
##### ###.###.##.
..##.#.###.... #.###.#
#. #......##..... ##
###...... #.
####.####..###
.###...###.####.#####
#.......##. .....^.#
..........[..#.......
####...# #.#
####.#....... ##.##
##S## #.#.#..... #.#
#.@.# #......... #.#
####.†.# ##.###.## #.#
#......# #.......# #.#
###..#...##### #..#.#..#
...........†.###..#.#..#
..........#.........#...
......~~..##.###.#.###.#
.....~..~.#### #.#.#
.~~..~..~~~ #.. .


You could see an adder.

Vanquished Creatures
  An adder (D:2)
  A dart slug (D:1)
  3 endoplasms
  3 giant cockroaches (D:2)
  9 hobgoblins
  2 quokkas
  8 ball pythons
  A bat (D:2)
  2 frilled lizards
  3 goblins (D:1)
  5 kobolds
  2 rats (D:1)
40 creatures vanquished.

Notes
Turn   | Place    | Note
-------+----------+-------------------------------------------
     0 | D:1      | Setbun the Kobold Enchanter began the quest for the Orb.
     0 | D:1      | Reached XP level 1. HP: 10/10 MP: 3/3
    78 | D:1      | Reached XP level 2. HP: 15/15 MP: 5/5
    93 | D:1      | Learned a level 2 spell: Ensorcelled Hibernation
   604 | D:1      | Reached XP level 3. HP: 20/20 MP: 6/6
  1103 | D:1      | Found a faded altar of an unknown god.
  1273 | D:2      | Reached skill level 1 in Fighting
  1439 | D:2      | Reached XP level 4. HP: 5/25 MP: 4/7
  1681 | D:2      | Slain by an adder

Illustrated notes

Levels and vault maps discovered:
D:1:      heliophobic_arrival_enchanted_forest, layout_loops_cross,
          shapermc_ecumenical_altar_mp_vishouse, serial_aquarium,
          aquarium_bridge_square [aquarium_subvault_bridge,
          aquarium_subvault_balcony, aquarium_subvault_window,
          aquarium_subvault_bridge], aquarium_bridge_straight
          [aquarium_subvault_bridge, aquarium_subvault_wall,
          aquarium_subvault_bridge, aquarium_subvault_wall],
          aquarium_window_double, aquarium_window_1, aquarium_window_fake,
          aquarium_view_2d
D:2:      cheibrodos_helix_gallery, layout_loops_cross, uniq_jessica

Skill      XL: |  1  2  3  4 |
---------------+-------------+-----
Short Blades   | 2 3 |  3.0
Fighting       | 1 |  1.0
Dodging        | |  2.8
Stealth        | |  4.4
Spellcasting   | |  2.4
Hexes          | |  3.3

Action                   |  1- 3 |  4- 6 || total
-------------------------+-------+-------++-------
Melee: Dagger            |    70 |    35 ||   105
 Cast: Ensorcelled Hiber |     1 |       ||     1
 Stab: Sleeping          |    22 |       ||    22
Armor: Robe              |     7 |     4 ||    11
Dodge: Dodged            |    40 |    24 ||    64

Table legend: (Time is in decaauts)
 A = Elapsed time spent in this place.
 B = Non-inter-level travel time spent in this place.
 C = Inter-level travel time spent in this place.
 D = Time resting spent in this place.
 E = Time spent auto-exploring this place.
 F = Levels seen in this place.
 G = Mean time per level.
                   A        B        C        D        E       F      G
               +--------+--------+--------+--------+--------+-----+--------+
         Total |   1667 |   1658 |      9 |    549 |    885 |   2 |  833.5 |
       Dungeon |   1667 |   1658 |      9 |    549 |    885 |   2 |  833.5 |
               +--------+--------+--------+--------+--------+-----+--------+

Top non-repeatable levels by time:
     D:1: 1224 daAuts
     D:2: 442 daAuts
